APP
SEATTLE (APP) MARINERS @ GREAT FALLS VOYAGERS
05/04/2044
 
TOP OF THE 1ST
Seattle (APP) Mariners batting - Pitching for Great Falls Voyagers : LHP David Schultz
Pitching: LHP David Schultz
Batting: RHB Micah Roth 0-0: Ball
1-0: Ball
2-0: Fly out, F9 (Flyball, 89M, EV 95.0 MPH)
Batting: LHB William Warren 0-0: Ball
1-0: Ball
2-0: Swinging Strike
2-1: Ground out 2-3 (Groundball, 2L, EV 54.4 MPH)
Batting: RHB Malik Brookshire 0-0: DOUBLE (Flyball, 8RXD, EV 104.4 MPH)
Batting: RHB John Peterson 0-0: Ground out 4-3 (Groundball, 4, EV 101.9 MPH)
Top of the 1st over - 0 runs, 1 hit, 0 errors, 1 left on base; Seattle (APP) 0 - Great Falls 0
BOTTOM OF THE 1ST
Great Falls Voyagers batting - Pitching for Seattle (APP) Mariners : LHP Aidan Smith
Pitching: LHP Aidan Smith
Batting: RHB Andy Cotton 0-0: Ball
1-0: Ball
2-0: Ball
3-0: Base on Balls
Batting: LHB Jose Duran 0-0: Swinging Strike
0-1: Foul Ball, location: 2F
0-2: Ball
1-2: Foul Ball, location: 2F
1-2: Ball
2-2: SINGLE (Line Drive, 34D, EV 98.8 MPH)
Andy Cotton to second
Runner from 2nd tries for 3rd, OUT! 9-5
Batting: RHB Vic Lucatero 0-0: Called Strike
0-1: Fly out, F5 (Popup, 5SF, EV 85.0 MPH)
Batting: LHB Carlos Ramirez 0-0: Ball
1-0: Fielders Choice at 2nd, 5-4 (Groundball, 56, EV 105.6 MPH)
Bottom of the 1st over - 0 runs, 1 hit, 0 errors, 1 left on base; Seattle (APP) 0 - Great Falls 0
TOP OF THE 2ND
Seattle (APP) Mariners batting - Pitching for Great Falls Voyagers : LHP David Schultz
Batting: SHB Frank Amato 0-0: Ball
1-0: Foul Ball, location: 2F
1-1: Ball
2-1: Ground out 6-3 (Groundball, 6, EV 89.4 MPH)
Batting: RHB Jung-wan Aan 0-0: Called Strike
0-1: Ground out 6-3 (Groundball, 6, EV 84.4 MPH)
Batting: RHB John Vasquez 0-0: Ball
1-0: Foul Ball, location: 2F
1-1: Swinging Strike
1-2: Strikes out swinging
Top of the 2nd over - 0 runs, 0 hits, 0 errors, 0 left on base; Seattle (APP) 0 - Great Falls 0
BOTTOM OF THE 2ND
Great Falls Voyagers batting - Pitching for Seattle (APP) Mariners : LHP Aidan Smith
Batting: RHB Duncan Collins 0-0: SINGLE (Groundball, 34D, EV 106.2 MPH)
Batting: SHB Matt Childers 0-0: Ball
1-0: Called Strike
1-1: Swinging Strike
1-2: Strikes out swinging
Batting: LHB Josh Pittman 0-0: Called Strike
0-1: Ball
1-1: Foul Ball, location: 2F
1-2: DOUBLE (Groundball, 3L, EV 101.9 MPH)
Duncan Collins to third
Batting: RHB Juan Tovar 0-0: Swinging Strike
0-1: Ball
1-1: DOUBLE (Groundball, 3L, EV 104.4 MPH)
Duncan Collins scores
Josh Pittman scores
Batting: SHB Jose Romo 0-0: TRIPLE (Line Drive, 78XD, EV 108.8 MPH)
Juan Tovar scores
Batting: RHB Andy Cotton 0-0: Swinging Strike
0-1: Called Strike
0-2: Foul Ball, location: 2F
0-2: Ball
1-2: Strikes out swinging
Batting: LHB Jose Duran 0-0: Ball
1-0: Swinging Strike
1-1: Swinging Strike
1-2: Ball
2-2: Strikes out swinging
Bottom of the 2nd over - 3 runs, 4 hits, 0 errors, 1 left on base; Seattle (APP) 0 - Great Falls 3
TOP OF THE 3RD
Seattle (APP) Mariners batting - Pitching for Great Falls Voyagers : LHP David Schultz
Batting: SHB Ray Skogen 0-0: DOUBLE (Line Drive, 3D, EV 95.6 MPH)
Batting: RHB Jesus Santiago 0-0: Swinging Strike
0-1: Foul Ball, location: 2F
0-2: Ball
1-2: Ball
2-2: Ground out 2-3 (Groundball, 2L, EV 69.4 MPH)
Ray Skogen to third
Batting: RHB Micah Roth 0-0: Called Strike
0-1: Ball
1-1: Ball
2-1: Fly out, F4 (Popup, 4M, EV 53.1 MPH)
Batting: LHB William Warren 0-0: Foul Ball, location: 2F
0-1: Foul Ball, location: 2F
0-2: Ball
1-2: Foul Ball, location: 2F
1-2: Ground out 6-3 (Groundball, 4M, EV 80.0 MPH)
Top of the 3rd over - 0 runs, 1 hit, 0 errors, 1 left on base; Seattle (APP) 0 - Great Falls 3
BOTTOM OF THE 3RD
Great Falls Voyagers batting - Pitching for Seattle (APP) Mariners : LHP Aidan Smith
Batting: RHB Vic Lucatero 0-0: Ball
1-0: Swinging Strike
1-1: Ball
2-1: Fly out, F8 (Line Drive, 8RD, EV 90.6 MPH)
Batting: LHB Carlos Ramirez 0-0: Called Strike
0-1: Ball
1-1: Ball
2-1: Foul Ball, location: 2F
2-2: Ground out 4-3 (Groundball, 4D, EV 93.1 MPH)
Batting: RHB Duncan Collins 0-0: Called Strike
0-1: Ball
1-1: Foul Ball, location: 2F
1-2: Ball
2-2: Ball
3-2: Base on Balls
Pitching: LHP Kevin Roberts
Batting: SHB Matt Childers 0-0: Fielders Choice at 2nd, 5-4 (Groundball, 5, EV 81.2 MPH)
Bottom of the 3rd over - 0 runs, 0 hits, 0 errors, 1 left on base; Seattle (APP) 0 - Great Falls 3
TOP OF THE 4TH
Seattle (APP) Mariners batting - Pitching for Great Falls Voyagers : LHP David Schultz
Batting: RHB Malik Brookshire 0-0: Fly out, F7 (Flyball, 78S, EV 81.2 MPH)
Batting: RHB John Peterson 0-0: Ball
1-0: Ball
2-0: Ball
3-0: Swinging Strike
3-1: Base on Balls
Batting: SHB Frank Amato 0-0: Ball
1-0: Foul Ball, location: 2F
1-1: Ball
2-1: Ground out 5-3 (Groundball, 56S, EV 67.5 MPH)
John Peterson to second
Batting: RHB Jung-wan Aan 0-0: Ball
1-0: Ball
2-0: Ball
3-0: Swinging Strike
3-1: Foul Ball, location: 2F
3-2: Fly out, F8 (Flyball, 8RD, EV 96.9 MPH)
Top of the 4th over - 0 runs, 0 hits, 0 errors, 1 left on base; Seattle (APP) 0 - Great Falls 3
BOTTOM OF THE 4TH
Great Falls Voyagers batting - Pitching for Seattle (APP) Mariners : LHP Kevin Roberts
Batting: LHB Josh Pittman 0-0: Ball
1-0: Swinging Strike
1-1: Swinging Strike
1-2: Ball
2-2: Ball
3-2: Fly out, F7 (Flyball, 78D, EV 103.8 MPH)
Batting: RHB Juan Tovar 0-0: Called Strike
0-1: Ball
1-1: Fly out, F7 (Flyball, 7LS, EV 81.2 MPH)
Batting: SHB Jose Romo 0-0: Ball
1-0: Called Strike
1-1: Bunted foul
1-2: Ground out 6-3 (Groundball, 6, EV 92.5 MPH)
Bottom of the 4th over - 0 runs, 0 hits, 0 errors, 0 left on base; Seattle (APP) 0 - Great Falls 3
TOP OF THE 5TH
Seattle (APP) Mariners batting - Pitching for Great Falls Voyagers : LHP David Schultz
Batting: RHB John Vasquez 0-0: Ball
1-0: Ball
2-0: Foul Ball, location: 2F
2-1: Ground out 4-3 (Groundball, 4, EV 82.5 MPH)
Batting: SHB Ray Skogen 0-0: Called Strike
0-1: Ball
1-1: Ground out 4-3 (Groundball, 13, EV 78.8 MPH)
Batting: RHB Jesus Santiago 0-0: Called Strike
0-1: Ball
1-1: Called Strike
1-2: Foul Ball, location: 2F
1-2: Ball
2-2: Strikes out swinging, 2-3 out at first.
Top of the 5th over - 0 runs, 0 hits, 0 errors, 0 left on base; Seattle (APP) 0 - Great Falls 3
BOTTOM OF THE 5TH
Great Falls Voyagers batting - Pitching for Seattle (APP) Mariners : LHP Kevin Roberts
Batting: RHB Andy Cotton 0-0: Called Strike
0-1: Ball
1-1: Ball
2-1: Foul Ball, location: 2F
2-2: Foul Ball, location: 2F
2-2: DOUBLE (Line Drive, 3D, EV 108.8 MPH)
Pitching: LHP Mitch Lewis
Batting: LHB Jose Duran 0-0: Ball
1-0: Ball
2-0: Swinging Strike
2-1: Ball
3-1: Base on Balls
Batting: RHB Vic Lucatero 0-0: Ball
1-0: Called Strike
1-1: Called Strike
1-2: Ball
2-2: 3-RUN HOME RUN (Flyball, 9D, EV 103.8 MPH), Distance : 384 ft
Batting: LHB Carlos Ramirez 0-0: Ball
1-0: Foul Ball, location: 2F
1-1: Foul Ball, location: 2F
1-2: Foul Ball, location: 2F
1-2: Ball
2-2: SOLO HOME RUN (Flyball, 9D, EV 93.1 MPH), Distance : 369 ft
Batting: RHB Duncan Collins 0-0: Ball
1-0: Foul Ball, location: 2F
1-1: SOLO HOME RUN (Flyball, 78XD, EV 113.1 MPH), Distance : 420 ft
Pitching: LHP Adam Parrish
Batting: SHB Matt Childers 0-0: Ball
1-0: Ball
2-0: Ball
3-0: Base on Balls
Batting: LHB Josh Pittman 0-0: Foul Ball, location: 2F
0-1: Foul Ball, location: 2F
0-2: Ball
1-2: Foul Ball, location: 2F
1-2: Foul Ball, location: 2F
1-2: SINGLE (Groundball, 56D, EV 109.4 MPH)
Matt Childers to second
Batting: RHB Juan Tovar 0-0: Foul Ball, location: 2F
0-1: Ball
1-1: Ball
2-1: Ball
3-1: Foul Ball, location: 2F
3-2: SINGLE (Groundball, 56D, EV 98.1 MPH)
Matt Childers to third
Josh Pittman to second
Runner from 3rd tries for Home, SAFE, throw by LF to home
Batting: SHB Jose Romo 0-0: Foul Ball, location: 2F
0-1: SINGLE (Groundball, 6MD, EV 98.1 MPH)
Josh Pittman to third
Juan Tovar to second
Batting: RHB Andy Cotton 0-0: Swinging Strike
0-1: Swinging Strike
0-2: Ball
1-2: Ball
2-2: Ball
Passed Ball!
Josh Pittman scores
Juan Tovar to third
Jose Romo to second
3-2: 3-RUN HOME RUN (Flyball, 9LD, EV 90.6 MPH), Distance : 351 ft
Pitching: LHP Ryan Daniels
Batting: LHB Jose Duran 0-0: Ball
1-0: Foul Ball, location: 2F
1-1: SINGLE (Line Drive, 9S, EV 85.0 MPH)
Batting: RHB Vic Lucatero 0-0: Called Strike
0-1: Ball
1-1: Ball
Wild Pitch!
Jose Duran to second
2-1: Ball
3-1: Base on Balls
Batting: LHB Carlos Ramirez 0-0: Foul Ball, location: 2F
0-1: Ball
1-1: Fielders Choice at 2nd, 5-4 (Groundball, 56, EV 87.5 MPH)
Jose Duran to third
Batting: RHB Duncan Collins 0-0: Ball
Balk!
Jose Duran scores
Carlos Ramirez to second
1-0: Ball
2-0: Ball
3-0: Base on Balls
Batting: SHB Matt Childers 0-0: Ball
1-0: Ball
2-0: Called Strike
2-1: Swinging Strike
2-2: Ball
Wild Pitch!
Carlos Ramirez to third
Duncan Collins to second
3-2: Base on Balls
Batting: LHB Josh Pittman 0-0: Ball
1-0: Foul Ball, location: 2F
1-1: Called Strike
1-2: Fielders Choice at 2nd, 3-6 (Groundball, 23, EV 85.0 MPH)
Carlos Ramirez scores
Duncan Collins to third
Batting: RHB Juan Tovar 0-0: Called Strike
0-1: Swinging Strike
0-2: Strikes out swinging
Bottom of the 5th over - 12 runs, 9 hits, 0 errors, 2 left on base; Seattle (APP) 0 - Great Falls 15
TOP OF THE 6TH
Seattle (APP) Mariners batting - Pitching for Great Falls Voyagers : LHP David Schultz
Batting: RHB Micah Roth 0-0: Swinging Strike
0-1: Swinging Strike
0-2: Foul Ball, location: 2F
0-2: Strikes out looking
Batting: LHB William Warren 0-0: Called Strike
0-1: Ball
1-1: Ground out 4-3 (Groundball, 4, EV 97.5 MPH)
Batting: RHB Malik Brookshire 0-0: Called Strike
0-1: Swinging Strike
0-2: Strikes out looking
Top of the 6th over - 0 runs, 0 hits, 0 errors, 0 left on base; Seattle (APP) 0 - Great Falls 15
BOTTOM OF THE 6TH
Great Falls Voyagers batting - Pitching for Seattle (APP) Mariners : LHP Ryan Daniels
Batting: SHB Jose Romo 0-0: Ball
1-0: Ground out 6-3 (Groundball, 6, EV 94.4 MPH)
Batting: RHB Andy Cotton 0-0: Ball
1-0: Ball
2-0: Ball
3-0: Base on Balls
Batting: LHB Jose Duran 0-0: Fly out, F9 (Flyball, 9, EV 82.5 MPH)
Batting: RHB Vic Lucatero 0-0: Ball
1-0: Ball
2-0: Called Strike
2-1: Called Strike
2-2: Foul Ball, location: 2F
2-2: Ball
Wild Pitch!
Andy Cotton to second
3-2: Base on Balls
Pitching: LHP Andy Mathis
Batting: LHB Carlos Ramirez 0-0: Called Strike
0-1: Ball
1-1: SINGLE (Groundball, 34S, EV 76.9 MPH) (infield hit)
Andy Cotton to third
Vic Lucatero to second
Batting: RHB Duncan Collins 0-0: Ball
1-0: Called Strike
1-1: Ball
2-1: Called Strike
2-2: Ball
3-2: Base on Balls
Andy Cotton scores
Vic Lucatero to third
Carlos Ramirez to second
Batting: SHB Matt Childers 0-0: Foul Ball, location: 2F
0-1: Ball
1-1: Swinging Strike
1-2: Ball
2-2: Foul Ball, location: 2F
2-2: Foul Ball, location: 2F
2-2: SINGLE (Flyball, 78S, EV 91.2 MPH)
Vic Lucatero scores
Carlos Ramirez to third
Duncan Collins to second
Runner from 3rd tries for Home, throw by CF and OUT! 8-2
Bottom of the 6th over - 2 runs, 2 hits, 0 errors, 2 left on base; Seattle (APP) 0 - Great Falls 17
TOP OF THE 7TH
Seattle (APP) Mariners batting - Pitching for Great Falls Voyagers : LHP David Schultz
Batting: RHB John Peterson 0-0: Foul Ball, location: 2F
0-1: Swinging Strike
0-2: Strikes out swinging
Batting: SHB Frank Amato 0-0: Called Strike
0-1: Ball
1-1: Swinging Strike
1-2: Ball
2-2: Strikes out swinging
Batting: RHB Jung-wan Aan 0-0: Ball
1-0: Ball
2-0: Ball
3-0: Called Strike
3-1: Base on Balls
Pitching: LHP Jeremy Soliday
Batting: RHB John Vasquez 0-0: Swinging Strike
0-1: Ball
1-1: Ball
2-1: Foul Ball, location: 2F
2-2: Foul Ball, location: 2F
2-2: Strikes out swinging
Top of the 7th over - 0 runs, 0 hits, 0 errors, 1 left on base; Seattle (APP) 0 - Great Falls 17
BOTTOM OF THE 7TH
Great Falls Voyagers batting - Pitching for Seattle (APP) Mariners : LHP Andy Mathis
Batting: LHB Josh Pittman 0-0: Called Strike
0-1: Ball
1-1: Swinging Strike
1-2: Foul Ball, location: 2F
1-2: Ball
2-2: Ball
3-2: Base on Balls
Batting: RHB Juan Tovar 0-0: Ball
1-0: Ball
2-0: Ball
3-0: Base on Balls
Josh Pittman to second
Batting: SHB Jose Romo 0-0: Called Strike
0-1: Ball
1-1: Fly out, F9 (Flyball, 89S, EV 90.6 MPH)
Batting: RHB Andy Cotton 0-0: Swinging Strike
0-1: Ball
1-1: Ball
2-1: Ball
3-1: DOUBLE (Line Drive, 8LXD, EV 99.4 MPH)
Josh Pittman scores
Juan Tovar to third
Batting: LHB Jose Duran 0-0: Ground out 6-3 (Groundball, 6M, EV 102.5 MPH)
Juan Tovar scores
Andy Cotton to third
Batting: RHB Vic Lucatero 0-0: Ball
1-0: DOUBLE (Line Drive, 8RXD, EV 109.4 MPH)
Andy Cotton scores
Batting: LHB Carlos Ramirez 0-0: Ball
1-0: Ball
2-0: Ball
3-0: Called Strike
3-1: Called Strike
3-2: Foul Ball, location: 2F
3-2: Fly out, F6 (Flyball, 6MD, EV 89.4 MPH)
Bottom of the 7th over - 3 runs, 2 hits, 0 errors, 1 left on base; Seattle (APP) 0 - Great Falls 20
TOP OF THE 8TH
Seattle (APP) Mariners batting - Pitching for Great Falls Voyagers : LHP Jeremy Soliday
Batting: SHB Ray Skogen 0-0: Ball
1-0: Foul Ball, location: 2F
1-1: Foul Ball, location: 2F
1-2: Strikes out swinging
Batting: RHB Jesus Santiago 0-0: Fly out, F9 (Flyball, 9S, EV 84.4 MPH)
Batting: RHB Micah Roth 0-0: Fly out, F7 (Flyball, 78M, EV 91.2 MPH)
Top of the 8th over - 0 runs, 0 hits, 0 errors, 0 left on base; Seattle (APP) 0 - Great Falls 20
BOTTOM OF THE 8TH
Great Falls Voyagers batting - Pitching for Seattle (APP) Mariners : LHP Andy Mathis
Pitching: RHP Justin Lee
Batting: RHB Duncan Collins 0-0: Ball
1-0: Swinging Strike
1-1: Called Strike
1-2: Ball
2-2: Strikes out swinging
Batting: SHB Matt Childers 0-0: Called Strike
0-1: Called Strike
0-2: Strikes out looking
Batting: LHB Josh Pittman 0-0: Called Strike
0-1: Ball
1-1: Foul Ball, location: 2F
1-2: SINGLE (Groundball, 4MD, EV 93.8 MPH)
Batting: RHB Juan Tovar 0-0: Ball
1-0: Foul Ball, location: 2F
1-1: Foul Ball, location: 2F
1-2: Strikes out swinging
Bottom of the 8th over - 0 runs, 1 hit, 0 errors, 1 left on base; Seattle (APP) 0 - Great Falls 20
TOP OF THE 9TH
Seattle (APP) Mariners batting - Pitching for Great Falls Voyagers : LHP Jeremy Soliday
Batting: LHB William Warren 0-0: Swinging Strike
0-1: Foul Ball, location: 2F
0-2: Foul Ball, location: 2F
0-2: Ball
1-2: Ball
2-2: Strikes out looking
Batting: RHB Malik Brookshire 0-0: Ball
1-0: Fly out, F7 (Flyball, 78XD, EV 103.8 MPH)
Batting: RHB John Peterson 0-0: Ball
1-0: Ball
2-0: Ground out 6-3 (Groundball, 6S, EV 92.5 MPH)
Top of the 9th over - 0 runs, 0 hits, 0 errors, 0 left on base; Seattle (APP) 0 - Great Falls 20
Thursday, March 31st , 2022 - OOTP Baseball 22.12 Build 89